 Dungeon Crawl Stone Soup version 0.26.0-10-g1f06aea511 (webtiles) character file.

Game seed: 18101547631580149872

17 inc the Scratcher (level 2, -2/14 HPs)
             Began as a Felid Chaos Knight on Feb 3, 2021.
             Was a Plaything of Xom.
             Slain by a kobold
             ... wielding a +0 dagger
              (5 damage)
             ... on level 2 of the Dungeon.
             The game lasted 00:01:19 (1523 turns).

inc the Scratcher (Felid Chaos Knight)              Turns: 1523, Time: 00:01:20

Health: -2/14      AC:  1    Str:  8    XL:     2   Next: 44%
Magic:  3/3        EV: 18    Int: 13    God:    Xom [.*....]
Gold:   43         SH:  0    Dex: 15    Spells: 1/1 levels left
                                        Lives:  0   Deaths: 0

rFire    . . .     SeeInvis +     - Unarmed
rCold    . . .     Faith    .   (shield unavailable)
rNeg     . . .     Spirit   .   (armour unavailable)
rPois    .         Reflect  .   (helmet unavailable)
rElec    .         Harm     .   (cloak unavailable)
rCorr    .         Rampage  .   (gloves unavailable)
Will     .....                  (boots unavailable)
Stlth    ++........             (no amulet)
HPRegen  0.04/turn              (no ring)
MPRegen  0.08/turn              (no ring)

@: quick
A: very small, no armour, no weapons or thrown items, stealth, claws 1, fangs 3,
see invisible, speed 1, shaggy fur 1, sharp paws
a: Renounce Religion


You were on level 2 of the Dungeon.
You worshipped Xom.
You were a plaything of Xom.
You visited 1 branch of the dungeon, and saw 2 of its levels.

You collected 43 gold pieces.

Inventory:

Jewellery
 e - an uncursed amulet of guardian spirit {unknown}
Scrolls
 a - 2 scrolls of fear {unknown}
 b - 2 scrolls of teleportation {unknown}
 c - 3 scrolls of identify {unknown}
 h - 2 scrolls of enchant weapon {unknown}
 j - a scroll of amnesia {unknown}
Potions
 d - a potion of invisibility {unknown}
 f - a potion of brilliance {unknown}
 g - 2 potions of might {unknown}
 i - a potion of degeneration {unknown}


   Skills:
 + Level 3.0 Fighting
 - Level 3.2 Dodging
 + Level 3.9 Unarmed Combat


You had one spell level left.
You didn't know any spells.
Your spell library was empty.

Dungeon Overview and Level Annotations

Branches:
Dungeon (2/15)

Altars:


Innate Abilities, Weirdness & Mutations

You cannot wear armour.
You are incapable of wielding weapons or throwing items.
Your paws allow you to move quietly. (Stealth)
You have sharp claws.
You have razor-sharp teeth.
You have supernaturally acute eyesight. (SInv)
You cover ground quickly.
You are covered in fur. (AC +1)
Your sharp claws are effective at attacking unaware monsters.


Message History

You are too injured to fight recklessly!
You closely miss the kobold. The kobold hits you with a +0 dagger.
The kobold throws a stone.
The stone completely misses you.
You see here a stone.
You see here 20 stones.
You start resting.
A kobold is nearby!
You closely miss the kobold. The kobold misses you.
You scratch the kobold. You bite the kobold, but do no damage.
The kobold is severely wounded.
The kobold completely misses you.
You barely miss the kobold.
The kobold is severely wounded.
The kobold hits you with a +0 dagger.
* * * LOW HITPOINT WARNING * * *
You scratch the kobold but do no damage.
The kobold is severely wounded.
The kobold hits you with a +0 dagger.
You die... "I guess I need a new plaything now."

########
#......#
#K####.# #@#
#(# #.# #.#
#.# #.# #.#
#K# #.# #.#
#.# #(# . #.#
#.# ##...
#### #.#
#.#####..K...
###... #.#
#...(........


You could see a kobold.

Vanquished Creatures
  A dart slug (D:1)
  A bat (D:1)
  A giant cockroach (D:2)
  3 goblins (D:1)
  2 hobgoblins
  A kobold (D:1)
  3 frilled lizards
  2 rats (D:1)
14 creatures vanquished.

Notes
Turn   | Place    | Note
-------+----------+-------------------------------------------
     0 | D:1      | inc the Felid Chaos Knight began the quest for the Orb.
     0 | D:1      | Reached XP level 1. HP: 10/10 MP: 2/2
    46 | D:1      | XOM: potion effect (berserk rage)
   222 | D:1      | Reached XP level 2. HP: 14/14 MP: 3/3
   437 | D:1      | XOM: silly message
   704 | D:1      | XOM is BORED!
   704 | D:1      | XOM: summons 2 hostile demons
  1523 | D:2      | Slain by a kobold

Illustrated notes

Levels and vault maps discovered:
D:1:      dpeg_arrival_rooms_c, layout_loops_ring
D:2:      layout_loops_ring

Action                   || total
-------------------------++-------
Melee: Unarmed           ||    32
       Bite              ||     3
 Stab: Sleeping          ||     6
Dodge: Dodged            ||    16
